 Dungeon Crawl Stone Soup version 0.28-a0-589-g333b8329f1 (webtiles) character file.

Game seed: 2501684561926839953

565 freelancePsychic the Magician (level 7, -7/49 HPs)
             Began as a Djinni Fire Elementalist on Oct 3, 2021.
             Was a Follower of Elyvilon.
             Killed from afar by Dowan (16 damage)
             ... with a stone arrow
             ... on level 4 of the Dungeon.
             The game lasted 00:06:06 (5501 turns).

freelancePsychic the Magician (DjFE)                Turns: 5501, Time: 00:06:06

Health: -7/49      AC:  4    Str:  7    XL:     7   Next: 58%
Gold:   108        EV: 12    Int: 18    God:    Elyvilon [*.....] SH:  0 Dex: 14

rFire   + + +      SeeInvis .   (no weapon)
rCold   x . .      Faith    .   (no shield)
rNeg    . . .      Spirit   .   a - +0 robe
rPois   ∞          Reflect  .   c - +1 helmet
rElec   .          Harm     .   (no cloak)
rCorr   .          Rampage  .   (no gloves)
Will    .....                   (boots unavailable)
Stlth   ++........              (no amulet)
HPRegen 0.16/turn               d - ring of protection from fire
MPRegen 0.00/turn               (no ring)

@: flying, very slightly contaminated
A: sickness immunity, fire resistance 2, cold vulnerability 1, float, innate
caster, hp casting, extra vitality 1
a: Renounce Religion, Lesser Healing, Divine Protection


You were on level 4 of the Dungeon.
You worshipped Elyvilon.
Elyvilon was aware of your devotion.
You visited 1 branch of the dungeon, and saw 4 of its levels.

You collected 108 gold pieces.

Inventory:

Armour
 a - a +0 robe (worn)
 c - a +1 helmet (worn)
Jewellery
 d - a ring of protection from fire (left hand)
Scrolls
 b - a scroll of blinking {unknown}
 g - 2 scrolls of teleportation {@r4}
 i - a scroll of enchant armour {unknown}
 j - a scroll of fog
Potions
 e - a potion of might
 h - a potion of ambrosia {unknown}


   Skills:
 + Level 2.7 Fighting
 - Level 2.1 Dodging
 - Level 1.5 Stealth
 * Level 5.3 Spellcasting
 + Level 2.7 Invocations


You couldn't memorise any spells.
You knew the following spells:

 Your Spells              Type           Power      Damage    Failure   Level
a - Foxfire               Conj/Fire      96%        2x1d8     1%          1
b - Scorch                Fire           48%        2d7       2%          2
c - Inner Flame           Hex/Fire       24%        N/A       4%          3
d - Conjure Flame         Conj/Fire      24%        6-21      4%          3
e - Flame Wave            Conj/Fire      24%        3d6       14%         4
f - Sting                 Tmut/Pois      96%        1d7       1%          1
g - Ensorcelled Hibernat  Hex/Ice        48%        N/A       2%          2
h - Confusing Touch       Hex            24%        N/A       4%          3
Your spell library was empty.

Dungeon Overview and Level Annotations

Branches:
Dungeon (4/15)
 Temple: D:4-7

Altars:
Elyvilon

Annotations:
D:3 Ijyb
D:4 Dowan, Eustachio


Innate Abilities, Weirdness & Mutations

You are immune to sickness and miasma.
You are immune to poison.
Your flesh is very heat resistant. (rF++)
You are vulnerable to cold. (rC-)
You float through the air rather than walking.
You learn spells naturally, not from books.
Your magical power is your life essence.
You have superior vitality. (+4 HP)


Message History

Flames lash Duvessa but do no damage.
Duvessa is no longer more vulnerable to fire.
Duvessa hits you with a +0 short sword.
Casting: Scorch (safe; 2% risk of failure)
Confirm with . or Enter, or press ? or * to list all spells.
You conjure some foxfire!
Duvessa closely misses you.
The foxfire hits Duvessa but does no damage.
Duvessa is almost dead.
The foxfire hits Duvessa but does no damage.
Duvessa is almost dead.
You aren't carrying any items that you can evoke.
Casting: Foxfire (safe; 1% risk of failure)
Confirm with . or Enter, or press ? or * to list all spells.
You miscast Scorch.
You are very lightly contaminated with residual magic.
Nothing appears to happen.
Duvessa misses you.
Casting: Scorch (safe; 2% risk of failure)
Confirm with . or Enter, or press ? or * to list all spells.
Flames lash Duvessa.
Duvessa resists.
Dowan screams, "No!
Oh no!"
Dowan seems to find hidden reserves of power!
Duvessa explodes!
The fiery explosion engulfs you. You resist.
* * * LOW HITPOINT WARNING * * *
You are engulfed in blazing flames.
You resist.
* * * LOW HITPOINT WARNING * * *
The black bear is engulfed in blazing flames.
Okay, then.
Dowan gestures wildly while chanting.
Dowan blinks!
The black bear is engulfed in blazing flames.
You kill the black bear!
Dowan casts a spell.
Dowan blinks!
Dowan closely misses you.
There is a stone staircase leading up here.
Dowan says, "Magic will overcome all!"
Dowan gestures at you while chanting. The stone arrow hits you!
You die...

..##)#...#...###
..#.e....#.....### ###
....##...#.......###.#
....#.......##)§§.#..###
#.............§§§......#
...##........#.§☼....###
###.##..##..##......##
#...###...(.........#
......#.........@...#
........#.......<..##
..<.....##......e..#
.##.....###.....#.### #
##..### #.........# ##.#
##.......## ###
###....## #...## ##.##


You could see Dowan (fast, inner flame).

Vanquished Creatures
  Duvessa (D:4)
  A black bear (D:4)
  5 orc wizards
  2 iguanas
  Natasha (D:3)
  Terence (D:3)
  A hound skeleton (D:4)
  4 adders
  3 worms
  A dart slug (D:2)
  10 orcs
  4 ball pythons
  2 bats
  7 endoplasms
  2 giant cockroaches (D:3)
  5 hobgoblins
  7 kobolds
  9 quokkas
  4 frilled lizards
  8 goblins
  3 rats
81 creatures vanquished.

Vanquished Creatures (others)
  149 foxfires
149 creatures vanquished.

Grand Total: 230 creatures vanquished

Notes
Turn   | Place    | Note
-------+----------+-------------------------------------------
     0 | D:1      | freelancePsychic the Djinni Fire Elementalist began the
                  | quest for the Orb.
     0 | D:1      | Reached XP level 1. HP: 15/15 MP: 0/0
   286 | D:1      | Reached XP level 2. HP: 18/21 MP: 0/0
   447 | D:1      | Reached skill level 3 in Spellcasting
   840 | D:1      | Found a faded altar of an unknown god.
  1127 | D:2      | Reached XP level 3. HP: 18/25 MP: 0/0
  1127 | D:2      | Learned a level 1 spell: Sting
  2149 | D:2      | Reached XP level 4. HP: 27/31 MP: 0/0
  2826 | D:3      | Noticed Ijyb
  3123 | D:3      | Noticed Terence
  3132 | D:3      | Killed Terence
  3133 | D:3      | Reached skill level 4 in Spellcasting
  3133 | D:3      | Reached XP level 5. HP: 16/35 MP: 0/0
  3133 | D:3      | Learned a level 2 spell: Ensorcelled Hibernation
  3308 | D:3      | Found a white marble altar of Elyvilon.
  3356 | D:3      | Became a worshipper of Elyvilon the Healer
  4453 | D:4      | Noticed Natasha
  4705 | D:3      | Reached skill level 1 in Fighting
  4705 | D:3      | Reached skill level 1 in Invocations
  4705 | D:3      | Reached XP level 6. HP: 14/42 MP: 0/0
  4944 | D:3      | Killed Natasha
  4990 | D:4      | Noticed Eustachio
  5267 | D:4      | Reached * piety under Elyvilon
  5347 | D:4      | Noticed Duvessa
  5474 | D:4      | Reached skill level 5 in Spellcasting
  5474 | D:4      | Reached XP level 7. HP: 42/49 MP: 0/0
  5474 | D:4      | Learned a level 3 spell: Confusing Touch
  5476 | D:4      | Noticed Dowan
  5495 | D:4      | Killed Duvessa
  5501 | D:4      | Killed from afar by Dowan

Illustrated notes

Levels and vault maps discovered:
D:1:      minmay_arrival_up_and_down, layout_basic, basic_ecumenical_altar,
          st_stairs_4
D:2:      layout_loops_corners, chequers_hall_statues_y
D:3:      layout_basic, elyvilon_altar_1, corexii_leaking_fountain,
          uniq_terence, uniq_ijyb
D:4:      layout_cave_pools, serial_shops, shop_statue, uniq_natasha,
          uniq_eustachio, uniq_duvessa

Skill      XL: |  1  2  3  4  5  6 |
---------------+-------------------+-----
Spellcasting   | 3 4 5 |  5.3
Fighting       | 1 2 |  2.7
Invocations    | 1 2 |  2.7
Dodging        | |  2.1
Stealth        | |  1.5

Action                   |  1- 3 |  4- 6 |  7- 9 || total
-------------------------+-------+-------+-------++-------
 Cast: Foxfire           |    48 |    37 |     3 ||    88
       Scorch            |    20 |    51 |     5 ||    76
       Inner Flame       |     1 |    13 |     2 ||    16
  Use: Scroll            |     2 |     2 |       ||     4
       Potion            |       |     2 |       ||     2
Armor: Robe              |       |     5 |     1 ||     6
Dodge: Dodged            |       |    16 |     3 ||    19

Table legend: (Time is in decaauts)
 A = Elapsed time spent in this place.
 B = Non-inter-level travel time spent in this place.
 C = Inter-level travel time spent in this place.
 D = Time resting spent in this place.
 E = Time spent auto-exploring this place.
 F = Levels seen in this place.
 G = Mean time per level.
                   A        B        C        D        E       F      G
               +--------+--------+--------+--------+--------+-----+--------+
         Total |   5504 |   5348 |    156 |    472 |   4397 |   4 | 1376.0 |
       Dungeon |   5504 |   5348 |    156 |    472 |   4397 |   4 | 1376.0 |
               +--------+--------+--------+--------+--------+-----+--------+

Top non-repeatable levels by time:
     D:3: 2534 daAuts
     D:2: 1551 daAuts
     D:1: 1121 daAuts
     D:4: 297 daAuts
